cohdb
Replays
Latest Replays
All Replays
Popular Replays
Top Player Replays
Match Explorer
How It Works
Community
CoH3 Stats
Reddit
Sign in to upload your games and track your stats! →
Sign in with Steam
Match 47131251
Unlisted
Match 47131251
Overview
Messages
Build Orders
End
Kettenkrad Recon Vehicle
Construct Infanterie Kompanie
Selects Mechanized Battlegroup
MG 42 Machine Gun Team
Grenadier Squad
Grenadier Squad
GrW 34 Mortar Team
GrW 34 Mortar Team
Selects Mobile Repair Stations
Construct Luftwaffe Kompanie
Support Elements
Wirbelwind Flakpanzer
Jäger Squad
Luftwaffe Officer Quarters
Construct Panzergrenadier Kompanie
251 Medium Carrier
Jäger Squad
Selects Wespe Self-propelled Artillery
Wespe Self-propelled Artillery
Nebelwerfer 42 Rocket Launcher Team
Selects Raid Package
Construct Panzer Kompanie
Forward Retreat Point
Selects 8 Rad Armored Car
Selects UNKNOWN (2160084)
Panther Heavy Tank
Panzer Officer Quarters
leeradek05
Flotenk
yurok800
Helowen
Serial Chiller
Prinz
id7
Burnout
0
0
Comments
sign in to comment!
No comments posted yet!